 Dungeon Crawl Stone Soup version 0.26.1-2-gb8aa6d0cf2 (webtiles) character file.

Game seed: 4039937970280342355

1491 RaHiT the Covert (level 8, -5/85 HPs)
             Began as an Octopode Delver on Feb 12, 2021.
             Slain by a centaur (7 damage)
             ... on level 5 of the Dungeon.
             The game lasted 00:27:29 (5017 turns).

RaHiT the Covert (Octopode Delver)                  Turns: 5017, Time: 00:27:30

Health: -5/85      AC:  1    Str: 11    XL:     8   Next: 80%
Magic:  11/11      EV: 16    Int: 14    God:
Gold:   239        SH:  0    Dex: 14    Spells: 10/11 levels left

rFire    + . .     SeeInvis .   d - +2 short sword (venom)
rCold    . . .     Faith    .   (no shield)
rNeg     . . .     Spirit   .   (helmet restricted)
rPois    .         Reflect  .   (no amulet)
rElec    .         Harm     .   r - ring of protection from fire
rCorr    .         Rampage  .   (no ring)
Will     .....                  (no ring)
Stlth    ..........             (no ring)
HPRegen  0.24/turn              (no ring)
MPRegen  0.12/turn              (no ring)
                                (no ring)
                                (no ring)

@: berserking, very quick
A: almost no armour, stealthy swim, amphibious, 8 rings, constrict 8, camouflage
1, gelatinous body 1
a: no special abilities


You were on level 5 of the Dungeon.
You visited 1 branch of the dungeon, and saw 6 of its levels.

You collected 239 gold pieces.

Inventory:

Hand Weapons
 d - a +2 short sword of venom (weapon)
Missiles
 l - 101 stones (quivered)
 p - 9 boomerangs
Jewellery
 r - a ring of protection from fire (left tentacle)
Wands
 c - a wand of polymorph (6)
 e - a wand of digging (3)
Scrolls
 a - 5 scrolls of fog
 b - a scroll of noise {unknown}
 f - a scroll of random uselessness {unknown}
 g - 2 scrolls of identify {unknown}
 j - 4 scrolls of teleportation
 m - a scroll of blinking {unknown}
 n - a scroll of amnesia {unknown}
 q - 2 scrolls of magic mapping
 s - 2 scrolls of remove curse {unknown}
 t - a scroll of immolation {unknown}
Potions
 h - a potion of lignification {unknown}
 k - 2 potions of berserk rage
 o - a potion of flight {unknown}


   Skills:
 - Level 6.0 Fighting
 - Level 6.0 Dodging
 - Level 8.0 Stealth
 + Level 5.6 Unarmed Combat
 - Level 2.0 Spellcasting
 - Level 3.0 Evocations


You had 10 spell levels left.
You knew the following spells:

 Your Spells              Type           Power        Failure   Level
o - Apportation           Tloc           2%           24%         1

Your spell library contained the following spells:

 Spells                   Type           Power        Failure   Level
 Animate Skeleton         Necr           2%           24%         1
 Corona                   Hex            1%           24%         1
 Summon Small Mammal      Summ           4%           24%         1


Dungeon Overview and Level Annotations

Branches:
Dungeon (6/15)
 Temple: D:4-7

Altars:
Dithmenos
The Shining One

Shops:
D:4 }

Annotations:
D:5 Pikel


Innate Abilities, Weirdness & Mutations

You cannot wear most types of armour.
You are very stealthy in the water. (Stealth+)
You are amphibious.
You can wear up to eight rings at the same time.
You can use your tentacles to constrict eight enemies at once.
Your skin changes colour to match your surroundings (Stealth+).
Your rubbery body absorbs attacks. (AC +1, EV +1)


Message History

The centaur is lightly wounded.
The centaur misses you. The centaur hits you.
* * * LOW HITPOINT WARNING * * *
You hit the centaur but do no damage.
The centaur looks even sicker.
The centaur is moderately wounded.
The centaur hits you!
* * * LOW HITPOINT WARNING * * *
Okay, then.
It was a potion of berserk rage.
A red film seems to cover your vision as you go berserk!
You feel yourself moving faster!
You feel mighty! The centaur hits you.
* * * LOW HITPOINT WARNING * * *
The centaur closely misses you.
You completely miss the centaur.
The centaur is moderately wounded.
The centaur closely misses you.
You hit the centaur.
The centaur looks as sick as possible!
The centaur is moderately wounded.
The centaur hits you!
You die...

#..#.##.####.#####....#
...#..#.##.####.# #...##
........^......#####...#
......................#
....................###
#.....................#
#..#.##.####.######.###
#..####(.(..........#
#.....(.(.@c.########
#..####.####.# ### ###
###


You could see a centaur (extremely poisoned).

Vanquished Creatures
  Maggie (D:6)
  Sigmund (D:2)
  2 sky beasts
  An ogre (D:4)
  A bullfrog (D:6)
  2 scorpions
  A wight (D:6)
  A hound (D:5)
  A jelly (D:6)
  An orc wizard (D:3)
  3 bullfrog skeletons
  An iguana (D:4)
  Natasha (twice) (D:3)
  3 worker ants
  A hound zombie (D:6)
  4 gnolls (D:3)
  10 adders
  A shadow imp (D:5)
  A white imp (D:6)
  An ufetubus (D:6)
  3 worms
  2 dart slugs
  A leopard gecko (D:4)
  13 orcs
  5 giant cockroaches
  9 goblins
  8 hobgoblins
  6 jackals (D:2)
  4 quokkas
  A ball python (D:4)
  6 bats
  3 frilled lizards (D:3)
  A giant cockroach zombie (D:6)
  10 kobolds
  A quokka skeleton (D:6)
  8 rats
120 creatures vanquished.

Notes
Turn   | Place    | Note
-------+----------+-------------------------------------------
     0 | D:5      | RaHiT the Octopode Delver began the quest for the Orb.
     0 | D:5      | Reached XP level 1. HP: 16/16 MP: 1/1
    40 | D:5      | Noticed a hound
   147 | D:5      | Noticed Pikel
   147 | D:5      | Noticed a lemure
   147 | D:5      | Noticed a lemure
   148 | D:5      | Noticed a lemure
   156 | D:4      | Noticed an ogre
   171 | D:4      | Reached skill level 7 in Stealth
   171 | D:4      | Reached skill level 1 in Evocations
   171 | D:4      | Reached XP level 2. HP: 17/21 MP: 2/2
   176 | D:4      | Noticed a phantom
   238 | D:3      | Noticed a sky beast
   346 | D:2      | Reached skill level 1 in Spellcasting
   346 | D:2      | Reached XP level 3. HP: 14/26 MP: 4/4
   388 | D:2      | Noticed Sigmund
  1431 | D:2      | Reached XP level 4. HP: 31/31 MP: 6/6
  1457 | D:2      | Killed Sigmund
  1458 | D:2      | Reached XP level 5. HP: 17/37 MP: 6/8
  1554 | D:2      | Reached XP level 6. HP: 16/43 MP: 9/9
  2214 | D:3      | Killed a sky beast
  2393 | D:3      | Reached XP level 7. HP: 30/48 MP: 10/10
  2417 | D:3      | Noticed Natasha
  2527 | D:3      | Reached skill level 8 in Stealth
  2757 | D:3      | Killed Natasha
  2880 | D:3      | Noticed Natasha
  2882 | D:3      | Killed Natasha
  3100 | D:4      | Learned a level 1 spell: Apportation
  3526 | D:4      | Reached skill level 5 in Dodging
  3538 | D:4      | Found Xyis's Gadget Emporium.
  3798 | D:4      | Found a glowing golden altar of the Shining One.
  3798 | D:4      | You fall into a shaft and drop 2 floors!
  4046 | D:6      | Reached skill level 5 in Fighting
  4120 | D:6      | Reached XP level 8. HP: 24/55 MP: 11/11
  4428 | D:6      | Noticed Maggie
  4437 | D:6      | Killed Maggie
  4486 | D:6      | Found a shadowy altar of Dithmenos.
  4644 | D:5      | Reached skill level 5 in Unarmed Combat
  5015 | D:5      | HP: 2/85 [centaur (5)]
  5017 | D:5      | Slain by a centaur

Illustrated notes

Levels and vault maps discovered:
D:1:      minmay_arrival_split_and_join, layout_basic
D:2:      layout_loops_cross, uniq_sigmund
D:3:      layout_loops_ring, uniq_natasha
D:4:      layout_loops_corners, tso_altar, serial_shops, shop
D:5:      layout_basic, general_overflow_altar, grunt_temple_overflow_open,
          gammafunk_ghost_arena, serial_corexii_hall, corexii_hall_statues_u,
          chequers_hall_statues_y, uniq_crazy_yiuf_cottage, uniq_pikel
D:6:      layout_basic, grunt_dithmenos_shadows, kennysheep_little_box,
          minmay_between, uniq_maggie

Skill      XL: |  1  2  3  4  5  6  7  8 |
---------------+-------------------------+-----
Stealth        | 7 8 |  8.0
Evocations     | 1 3 |  3.0
Spellcasting   | 1 2 |  2.0
Dodging        | 3 4 5 6 |  6.0
Fighting       | 4 5 6 |  6.0
Unarmed Combat | 3 4 5 |  5.6

Action                   |  1- 3 |  4- 6 |  7- 9 || total
-------------------------+-------+-------+-------++-------
Melee: Unarmed           |    23 |       |    15 ||    38
       Constrict         |    13 |    16 |    32 ||    61
       Tentacles         |    10 |     9 |    26 ||    45
       Short sword       |    35 |    72 |   109 ||   216
       Punch             |       |     1 |     4 ||     5
Throw: Stone             |       |     4 |     2 ||     6
  Use: Scroll            |     1 |     2 |     1 ||     4
       Potion            |     1 |       |     4 ||     5
 Stab: Sleeping          |    22 |    16 |     9 ||    47
       Distracted        |       |       |     1 ||     1
Armor: Skin              |     1 |     3 |     4 ||     8
Dodge: Dodged            |    26 |    37 |    82 ||   145
